Map: Thunderbird LE

Players

IIIIIlllIII

  • Race: Terran Terran
  • League: Grandmaster
  • Spawn Location: 11:00

Harstem - Winner!

  • Race: Protoss Protoss
  • League: Grandmaster
  • Spawn Location: 5:00

VOD

Have the link to the VOD?

Description

Time

  • Played on: Nov. 10, 2019, 4:24 p.m.
  • Length: 11:17
Show
View Real Time Build Order
Export as new Build Order

IIIIIlllIII Terran 

Build Orders: Liberator Opening 

Get SALT Encoding   

  12  0:01  SCV  
  13  0:13  SCV  
  14  0:17  Supply Depot  
  14  0:25  SCV  
  15  0:39  SCV  
  15  0:40  Barracks  
  15  0:42  Refinery  
  16  0:51  SCV  
  17  1:03  SCV  
  18  1:15  SCV  
  19  1:27  Marine  
  19  1:28  Orbital Command  
  20  1:39  Command Center  
  20  1:46  Barracks Reactor  
  20  1:50  Supply Depot  
  20  1:53  SCV  
  21  2:04  Factory  
  21  2:06  SCV  
  22  2:11  Refinery  
  22  2:18  SCV  
  22  2:22  Marine x2  
  25  2:30  SCV  
  26  2:40  Marine x2  
  26  2:43  SCV  
  29  2:48  Widow Mine, Starport  
  29  2:50  Orbital Command  
  31  2:55  SCV  
  32  2:59  Marine x2  
  34  3:07  SCV  
  34  3:09  Widow Mine  
  37  3:14  Supply Depot  
  37  3:16  SCV  
  37  3:19  Marine, SCV  
  39  3:20  Marine  
  39  3:25  Medivac  
  43  3:28  SCV  
  43  3:31  Widow Mine  
  46  3:36  SCV  
  46  3:37  Supply Depot  
  46  3:39  Supply Depot  
  46  3:41  SCV  
  48  3:43  Marine  
  48  3:46  Marine  
  48  3:48  SCV  
  51  3:53  Factory Tech Lab, SCV  
  52  3:58  Liberator  
  55  4:03  Marine  
  55  4:04  Marine  
  55  4:05  SCV x2  
  55  4:08  Supply Depot  
  59  4:12  Siege Tank  
  62  4:17  Engineering Bay  
  62  4:19  SCV x2  
  64  4:26  Marine  
  64  4:31  SCV  
  66  4:32  SCV  
  67  4:43  Marine  
  68  4:51  Missile Turret  
  59  5:02  SCV x2  
  56  5:07  Marine  
  56  5:08  Marine  
  60  5:16  SCV, Raven  
  60  5:17  SCV  
  60  5:21  Command Center  
  61  5:25  Marine x2  
  61  5:27  Missile Turret  
  63  5:30  SCV  
  63  5:33  SCV  
  65  5:36  Barracks x2  
  65  5:38  Supply Depot  
  65  5:42  SCV  
  65  5:46  Refinery  
  65  5:48  SCV  
  67  5:50  Refinery  
  67  5:54  Factory Tech Lab  
  67  5:55  SCV  
  67  5:57  Marine x2  
  67  6:01  Starport Reactor  
  66  6:08  SCV  
  67  6:13  SCV  
  67  6:15  Marine x2  
  70  6:20  SCV  
  70  6:23  Terran Infantry Weapons Level 1  
  68  6:25  SCV  
  68  6:32  SCV  
  70  6:33  Marine x2  
  70  6:37  SCV  
  70  6:38  Medivac x2  
  70  6:39  Stimpack  
  77  6:44  Combat Shield, SCV  
  78  6:48  Orbital Command  
  78  6:50  SCV  
  78  6:52  Marine  
  78  6:53  Marine  
  83  6:54  Marauder x2  
  83  6:57  Factory Reactor  
  83  6:58  SCV  
  86  7:02  SCV  
  86  7:04  Supply Depot x2  
  86  7:10  SCV  
  86  7:14  Medivac x2, SCV  
  92  7:16  Marauder x2  
  92  7:20  Orbital Command  
  94  7:25  Marine x2  
  94  7:29  SCV  
  98  7:30  SCV  
  98  7:36  Barracks  
  100  7:37  Marauder x2  
  100  7:39  Barracks  
  100  7:41  SCV  
  100  7:42  SCV  
  104  7:46  Starport, SCV  
  104  7:49  Marine x2  
  104  7:50  Medivac x2  
  111  7:54  SCV x2  
  111  7:58  SCV, Refinery  
  114  8:01  Refinery  
  114  8:03  Ghost Academy  
  114  8:05  Marauder  
  116  8:06  SCV  
  116  8:11  Marauder, Supply Depot  
  116  8:16  SCV  
  116  8:17  Terran Infantry Armor Level 1  
  117  8:22  Supply Depot  
  117  8:23  Supply Depot  
  117  8:24  Liberator, SCV, Concussive Shells  
  117  8:26  Barracks Tech Lab, Marauder  
  117  8:27  Barracks Reactor  
  123  8:28  SCV  
  123  8:30  SCV  
  125  8:35  Barracks Reactor  
  125  8:36  SCV  
  125  8:40  SCV  
  129  8:42  Marine x2  
  129  8:43  Viking x2  
  129  8:44  Viking  
  129  8:45  SCV  
  136  8:48  SCV, Supply Depot  
  136  8:49  Supply Depot  
  136  8:52  Ghost  
  139  9:01  Command Center, SCV  
  139  9:02  SCV x2  
  142  9:06  Supply Depot  
  142  9:08  Supply Depot  
  142  9:14  Viking x2, SCV  
  147  9:18  SCV  
  147  9:23  Missile Turret  
  148  9:26  Viking x2  
  149  9:44  SCV, Barracks  
  149  9:45  Armory, Barracks  
  150  9:46  Engineering Bay, Barracks  
  150  9:54  Ghost x2  
  150  9:56  Enhanced Shockwaves  
  150  9:57  SCV x2  
  150  9:58  SCV  
  157  10:00  Ghost  
  157  10:05  Missile Turret  
  159  10:09  Missile Turret  
  159  10:18  Liberator  
  159  10:19  Liberator x2  
  168  10:23  SCV  
  168  10:24  SCV  
  170  10:29  Refinery  
  170  10:31  Missile Turret  
  170  10:33  Refinery, Missile Turret  
Show
View Real Time Build Order
Export as new Build Order

Harstem Protoss - Winner!

Build Orders: 1 Gate Expand, Zealot Archon, Dark Templar Rush 

Get SALT Encoding   

  12  0:00  Probe  
  13  0:12  Probe  
  14  0:18  Pylon  
  14  0:25  Probe (Chrono Boost)  
  15  0:37  Gateway, Probe (Chrono Boost)  
  16  0:45  Probe (Chrono Boost)  
  16  0:48  Assimilator  
  17  0:51  Probe  
  18  1:03  Probe  
  19  1:15  Probe  
  20  1:25  Nexus  
  20  1:33  Cybernetics Core  
  20  1:35  Probe  
  21  1:41  Assimilator  
  21  1:47  Probe  
  21  1:51  Pylon  
  22  1:59  Probe  
  23  2:07  Adept (Chrono Boost)  
  23  2:13  Warp Gate  
  23  2:14  Probe  
  26  2:21  Twilight Council  
  26  2:26  Probe  
  27  2:37  Probe (Chrono Boost)  
  27  2:38  Probe (Chrono Boost)  
  29  2:44  Robotics Facility  
  29  2:47  Probe x2 (Chrono Boost)  
  31  2:52  Probe x2 (Chrono Boost)  
  33  3:04  Probe x2  
  35  3:08  Dark Shrine  
  35  3:15  Gateway  
  35  3:16  Probe x2  
  35  3:18  Gateway  
  37  3:27  Stalker  
  37  3:30  Warp Prism (Chrono Boost)  
  41  3:35  Probe  
  41  3:38  Probe  
  43  3:44  Pylon  
  43  3:47  Probe  
  44  3:49  Pylon  
  44  3:50  Probe, Assimilator  
  45  3:59  Probe  
  45  4:02  Probe  
  47  4:11  Probe  
  47  4:14  Probe  
  49  4:23  Probe  
  50  4:25  Dark Templar x2  
  50  4:26  Dark Templar, Probe  
  50  4:31  Pylon  
  54  4:46  Probe  
  54  4:49  Probe  
  55  4:59  Probe  
  56  5:00  Nexus  
  56  5:03  Probe  
  57  5:11  Probe  
  56  5:15  Probe  
  56  5:17  Stalker x3  
  63  5:23  Probe  
  63  5:24  Charge (Chrono Boost)  
  63  5:27  Probe  
  65  5:29  Forge  
  65  5:35  Probe  
  65  5:38  Gateway  
  65  5:39  Probe  
  65  5:42  Pylon, Gateway  
  67  5:44  Gateway  
  67  5:48  Sentry, Pylon, Probe  
  70  5:51  Pylon  
  70  6:00  Probe x2  
  72  6:12  Probe x2  
  72  6:15  Zealot x2, Probe  
  72  6:16  Zealot  
  81  6:21  Gateway  
  81  6:23  Gateway, Forge  
  81  6:24  Probe x2  
  83  6:28  Assimilator  
  83  6:30  Protoss Ground Armor Level 1 (Chrono Boost)  
  83  6:33  Assimilator  
  83  6:34  Zealot  
  85  6:42  Probe x3  
  85  6:46  Dark Templar x2  
  92  6:47  Archon  
  92  6:51  Archon  
  92  6:54  Blink (Chrono Boost), Probe  
  92  6:55  Zealot  
  92  6:56  Protoss Ground Weapons Level 1 (Chrono Boost)  
  92  6:59  Nexus  
  95  7:02  Zealot x2  
  99  7:16  Immortal  
  99  7:21  Probe x2  
  105  7:23  Zealot x2  
  105  7:27  Pylon  
  105  7:28  Pylon  
  109  7:30  Pylon  
  109  7:31  Pylon  
  109  7:32  Pylon  
  109  7:44  Pylon  
  109  7:45  Probe  
  109  7:47  Zealot x4  
  109  7:48  Templar Archives  
  109  7:50  Zealot  
  120  7:52  Pylon, Probe  
  120  7:55  Zealot  
  120  7:56  Zealot  
  120  7:57  Pylon  
  125  8:02  Pylon  
  125  8:04  Zealot  
  125  8:05  Probe  
  128  8:14  Zealot x5  
  128  8:15  Warp Prism (Chrono Boost)  
  142  8:23  Pylon  
  142  8:25  Psionic Storm  
  140  8:27  High Templar x3, Gateway  
  140  8:28  Gateway  
  146  8:38  High Templar x2  
  146  8:41  Probe x2  
  152  8:42  Protoss Ground Armor Level 2 (Chrono Boost)  
  152  8:44  Photon Cannon  
  152  8:45  High Templar  
  152  8:46  Zealot x2  
  158  8:50  Probe  
  158  8:51  Pylon  
  158  8:53  Immortal (Chrono Boost)  
  163  9:02  Zealot x2  
  163  9:04  Protoss Ground Weapons Level 2 (Chrono Boost)  
  163  9:08  Gateway x2  
  167  9:12  Zealot x2  
  171  9:21  Warp Prism (Chrono Boost)  
  173  9:38  Zealot x9  
  171  9:39  Zealot  
  171  9:45  Pylon  
  183  9:47  Immortal (Chrono Boost)  
  187  9:58  Stargate  
  187  10:00  Assimilator  
  187  10:02  Assimilator  
  187  10:04  Assimilator  
  187  10:12  Nexus  
  187  10:14  Stalker x5  
  187  10:15  Stalker  
  197  10:35  Stalker  
  195  10:51  Zealot x4  
  171  11:06  Zealot x3  
  171  11:07  Zealot x5  
  167  11:11  Stalker x3  
  167  11:12  Stalker  
Tags
 
Add a new tag
Caveats
  • Supply blocks, unpowered buildings, or Contaminate may cause inaccurate times.
  • Supply counts are checked every 10 seconds.